 Dungeon Crawl Stone Soup version 0.27.0 (webtiles) character file.

Game seed: 16705441209435069103

4 gimp the Skirmisher (level 1, -1/18 HPs)
             Began as a Merfolk Fighter on July 31, 2021.
             Slain by an endoplasm (3 damage)
             ... on level 1 of the Dungeon.
             The game lasted 00:00:53 (180 turns).

gimp the Skirmisher (Merfolk Fighter)                Turns: 180, Time: 00:00:54

Health: -1/18      AC:  6    Str: 16    XL:     1   Next: 70%
Magic:  1/1        EV:  6    Int:  7    God:
Gold:   24         SH:  9    Dex: 13    Spells: 0/0 levels left

rFire    . . .     SeeInvis .   a - +0 trident
rCold    . . .     Faith    .   c - +0 kite shield
rNeg     . . .     Spirit   .   b - +0 scale mail
rPois    .         Reflect  .   (no helmet)
rElec    .         Harm     .   (no cloak)
rCorr    .         Rampage  .   (no gloves)
Will     .....                  (no boots)
Stlth    ..........             (no amulet)
HPRegen  0.06/turn              (no ring)
MPRegen  0.07/turn              (no ring)

@: no status effects
A: (nimble swimmer 2), mertail
a: no special abilities


You were on level 1 of the Dungeon.
You visited 1 branch of the dungeon, and saw 1 of its levels.

You collected 24 gold pieces.

Inventory:

Hand Weapons
 a - a +0 trident (weapon)
 g - a +0 hand axe
Armour
 b - a +0 scale mail (worn)
 c - a +0 kite shield (worn)
Scrolls
 e - a scroll of teleportation {unknown}
 f - a scroll of identify {unknown}
 i - a scroll of holy word {unknown}
Potions
 d - a potion of might
 h - 2 potions of haste {unknown}


   Skills:
 + Level 3.5 Fighting
 + Level 3.3 Polearms
 - Level 2.1 Armour
 - Level 3.0 Shields


You couldn't memorise any spells.
You didn't know any spells.
Your spell library was empty.

Dungeon Overview and Level Annotations

Branches:
Dungeon (1/15)

Altars:


Innate Abilities, Weirdness & Mutations

((You are quick and stealthy near water. (Stealth+, EV+, Speed+++)))
Your lower body shifts to a powerful aquatic tail in water.


Message History

The endoplasm freezes you.
You are frozen.
You take 3 damage, and have 15/18 hp.
You closely miss the rat. The rat bites you. The endoplasm barely misses you.
You take 2 damage, and have 13/18 hp.
You barely miss the rat. You block the rat's attack.
You block the endoplasm's attack. The rat bites you.
You take 1 damage, and have 12/18 hp.
You puncture the rat!
You kill the rat!
You block the endoplasm's attack.
The endoplasm hits you but does no damage.
You hit the endoplasm.
The endoplasm is moderately wounded.
The endoplasm freezes you.
You are frozen.
You take 5 damage, and have 7/18 hp.
MASSIVE DAMAGE!!
You are too injured to fight recklessly!
You are too injured to fight recklessly!
You barely miss the endoplasm.
The endoplasm is moderately wounded.
The endoplasm hits you but does no damage.
You block the endoplasm's attack.
Reach: a) +0 trident
Press: ? - help, Dir - move target, f - endoplasm
Aim: an endoplasm (moderately wounded, about 15% to evade your +0 trident)
You barely miss the endoplasm.
The endoplasm is moderately wounded.
The endoplasm hits you.
You take 1 damage, and have 7/18 hp.
Reach: a) +0 trident
Press: ? - help, Dir - move target, f/p - endoplasm
Aim: an endoplasm (moderately wounded, about 15% to evade your +0 trident)
You hit the endoplasm.
The endoplasm is almost dead.
The endoplasm freezes you.
You are frozen.
* * * LOW HITPOINT WARNING * * *
The endoplasm hits you.
You die...

.# .# .#################
###. ................>.
..... ######.#######....
...#
######.#######.#.#....
......†......#.#.#..#.##
.........###...#........
.........# ##..#@# #
.........# #..#J#.# ..
######.### ##.#.#.#....
#.# #.†......# # #.#
#...#.#### . ..# ##..#.#
. #..# # . ##.. #...


You could see an endoplasm.

Vanquished Creatures
  A ball python (D:1)
  A hobgoblin (D:1)
  A bat (D:1)
  2 rats (D:1)
5 creatures vanquished.

Notes
Turn   | Place    | Note
-------+----------+-------------------------------------------
     0 | D:1      | gimp the Merfolk Fighter began the quest for the Orb.
     0 | D:1      | Reached XP level 1. HP: 18/18 MP: 1/1
   180 | D:1      | Slain by an endoplasm

Illustrated notes

Levels and vault maps discovered:
D:1:      lightli_arrival_noodles, layout_basic, serial_shops, shop_statue,
          chequers_garden, chequers_serial_rivers_micro_d

Action                   || total
-------------------------++-------
Melee: Trident           ||    15
Armor: Scale mail        ||     5
Dodge: Dodged            ||     3
Block: Kite shield       ||     6
